 Dungeon Crawl Stone Soup version 0.21.1-1-g345015f (webtiles) character file.

74 Solrac the Firebug (level 4, -3/24 HPs)
             Began as a Deep Elf Fire Elementalist on Feb 19, 2018.
             Slain by Sigmund
             ... wielding a cursed +0 scythe
              (10 damage)
             ... on level 2 of the Dungeon.
             The game lasted 00:19:03 (2580 turns).

Solrac the Firebug (Deep Elf Fire Elementalist)     Turns: 2580, Time: 00:19:04

Health: -3/24      AC:  2    Str:  5    XL:     4   Next: 10%
Magic:  3/11       EV: 13    Int: 21    God:
Gold:   64         SH:  0    Dex: 15    Spells: 4/10 levels left

rFire    . . .     SeeInvis .   e - +0 dagger
rCold    . . .     Gourm    .   (no shield)
rNeg     . . .     Faith    .   a - +0 robe
rPois    .         Spirit   .   (no helmet)
rElec    .         Reflect  .   (no cloak)
rCorr    .         Harm     .   (no gloves)
MR       .....                  (no boots)
Stlth    ++........             (no amulet)
HPRegen  0.08/turn              (no ring)
MPRegen  0.12/turn              (no ring)

@: no status effects
A: no striking features
a: no special abilities


You were on level 2 of the Dungeon.
You were not hungry.

You visited 1 branch of the dungeon, and saw 2 of its levels.

You collected 64 gold pieces.

Inventory:

Hand Weapons
 e - a +0 dagger (weapon)
Missiles
 k - 67 stones (quivered)
Armour
 a - a +0 robe (worn)
Scrolls
 d - a scroll of enchant weapon {unknown}
 g - a scroll of teleportation {unknown}
 i - a scroll of noise {unknown}
 l - a scroll of identify {unknown}
 n - a scroll of random uselessness {unknown}
Potions
 f - a potion of agility {unknown}
 h - a potion of degeneration {unknown}
 j - a potion of might {unknown}
 m - a potion of lignification {unknown}
Books
 b - a book of Flames

   Spells                             Type                      Level
   a - Flame Tongue                   Conjuration/Fire             1
   b - Throw Flame                    Conjuration/Fire             2
   c - Conjure Flame                  Conjuration/Fire             3
   d - Inner Flame                    Hexes/Fire                   3
   e - Sticky Flame                   Conjuration/Fire             4
   f - Fireball                       Conjuration/Fire             5
Comestibles
 c - a ration
 o - a chunk of flesh


   Skills:
 - Level 2.4 Dodging
 - Level 2.4 Stealth
 + Level 3.9 Spellcasting
 * Level 3.0 Conjurations
 + Level 4.0 Fire Magic


You had 4 spell levels left.
You knew the following spells:

 Your Spells              Type           Power        Failure   Level  Hunger
a - Flame Tongue          Conj/Fire      ###..        2%          1    None
b - Throw Flame           Conj/Fire      ###...       4%          2    #......
c - Conjure Flame         Conj/Fire      ###.....     9%          3    ###....


Dungeon Overview and Level Annotations

Branches:
Dungeon (2/15)

Altars:
Dithmenos

Annotations:
D:2 Sigmund, Terence


Message History

You're too confused!
You're too confused to move!
Sigmund points at you and mumbles some strange words.
You resist with some effort.
You bump into the rock wall.
You're too confused to move!
You feel less confused. Sigmund says, "I'm your fate."
Sigmund gestures wildly while chanting.
Sigmund flickers and vanishes!
Deactivating autopickup; reactivate with Ctrl-A.
Casting: Flame Tongue
Confirm with . or Enter, or press ? or * to list all spells.
You can't see any susceptible monsters within range! (Use Z to cast anyway.)
Something tries to affect you, but you resist.
Your magical contamination has completely faded away.
You hear some strange, mumbled words.
Something tries to affect you, but you resist.
Something hits you!
You die...

.# ##.##.#)## ##.##
.####.#.#.##.## ##.#.#####
.....###......###.###....#
.####.#.######.#.###.###.########
.# ##.## ##...#.# #....)...( .#
#.# ##.#.# ########## .# #.#
#.#.# .#####.# #.#.# .....@.####
#@#.# ########## ..........#
#.#.# #.........
....##.##.######.#.# #.########
.@......#.{......#.# #.# #
....##..##########.# #)# #
..#.##..# #.# #.# # ..#.##..# #.#
#.# # ###.....# #.# #.# # ####.#
#.# #(#


There were no monsters in sight!

Vanquished Creatures
  2 adders (D:2)
  An ooze (D:1)
  A worm (D:2)
  A dart slug (D:2)
  2 leopard geckos (D:1)
  A giant cockroach (D:2)
  2 hobgoblins (D:2)
  3 jackals (D:2)
  17 kobolds
  A ball python (D:2)
  4 bats
  3 frilled lizards
  3 goblins (D:2)
  6 rats
47 creatures vanquished.

Vanquished Creatures (others)
  A bush (D:1)
  2 plants (D:1)
3 creatures vanquished.

Grand Total: 50 creatures vanquished

Notes
Turn   | Place    | Note
-------+----------+-------------------------------------------
     0 | D:1      | Solrac the Deep Elf Fire Elementalist began the quest for the Orb.
     0 | D:1      | Reached XP level 1. HP: 10/10 MP: 6/6
   425 | D:1      | Reached XP level 2. HP: 15/15 MP: 6/8
   596 | D:1      | Learned a level 2 spell: Throw Flame
  1274 | D:2      | Reached XP level 3. HP: 19/19 MP: 2/10
  1384 | D:2      | Learned a level 3 spell: Conjure Flame
  1750 | D:2      | Reached skill level 4 in Fire Magic
  1982 | D:2      | Reached XP level 4. HP: 24/24 MP: 2/11
  2053 | D:2      | Found a shadowy altar of Dithmenos.
  2236 | D:2      | Noticed Terence
  2252 | D:2      | Noticed Sigmund
  2580 | D:2      | Slain by Sigmund

Skill      XL: |  1  2  3 |
---------------+----------+-----
Conjurations   | 2 3 |  3.0
Fire Magic     | 4 |  4.0
Dodging        | |  2.4
Stealth        | |  2.4
Spellcasting   | |  3.9

Action                   |  1- 3 |  4- 6 || total
-------------------------+-------+-------++-------
Melee: Dagger            |   232 |     7 ||   239
 Cast: Flame Tongue      |    68 |    11 ||    79
       Throw Flame       |    16 |     1 ||    17
       Conjure Flame     |     3 |     2 ||     5
  Eat: Chunk             |     4 |     2 ||     6
Armor: Robe              |     4 |     1 ||     5
Dodge: Dodged            |    22 |     7 ||    29
